Map: Blackpink LE

Players

Solar

  • Race: Zerg Zerg
  • Spawn Location: 1:00

JJAKJI - Winner!

  • Race: Terran Terran
  • League: Platinum
  • Spawn Location: 7:00

Event: HomeStory Cup XVI

VOD

Have the link to the VOD?

Description

Time

  • Played on: Nov. 11, 2017, 1:21 p.m.
  • Length: 17:55

All games in this series

Show
View Real Time Build Order
Export as new Build Order

Solar Zerg 

Build Orders: Hatch First 

Get SALT Encoding   

  12  0:00  Drone  
  13  0:12  Overlord  
  13  0:17  Drone  
  14  0:31  Drone x2  
  14  0:34  Drone  
  17  0:51  Hatchery  
  17  0:54  Drone  
  17  0:58  Drone  
  17  1:03  Extractor  
  17  1:12  Spawning Pool  
  17  1:15  Drone  
  17  1:19  Drone  
  18  1:29  Drone  
  19  1:39  Drone  
  20  1:53  Hatchery  
  19  2:02  Queen  
  19  2:03  Zergling x4  
  19  2:06  Drone  
  24  2:13  Metabolic Boost  
  24  2:16  Drone  
  24  2:22  Overlord  
  25  2:25  Drone  
  26  2:33  Queen  
  28  2:40  Drone x2  
  28  2:43  Drone  
  31  2:45  Drone  
  31  2:48  Drone  
  33  2:54  Pneumatized Carapace  
  33  2:56  Drone  
  34  3:00  Drone  
  35  3:06  Queen  
  35  3:09  Drone  
  35  3:12  Drone x2  
  40  3:16  Overlord  
  40  3:18  Drone  
  41  3:21  Drone  
  42  3:27  Overlord  
  42  3:36  Drone x2  
  42  3:37  Spore Crawler, Drone x3  
  46  3:42  Queen  
  46  3:44  Overlord  
  46  3:46  Zergling x2  
  49  3:50  Queen  
  49  3:53  Zergling x4  
  52  3:57  Drone  
  52  3:58  Spore Crawler  
  52  4:02  Zergling x2  
  53  4:03  Zergling x4  
  53  4:04  Zergling x2  
  53  4:05  Zergling x2  
  57  4:12  Overlord  
  57  4:14  Zergling x2  
  57  4:15  Drone x2  
  59  4:17  Drone x2  
  59  4:20  Baneling Nest  
  59  4:23  Queen  
  62  4:26  Drone  
  62  4:29  Drone  
  65  4:31  Drone  
  65  4:33  Drone x2  
  65  4:36  Drone x2  
  65  4:37  Drone  
  70  4:43  Zergling x2  
  70  4:44  Extractor  
  70  4:45  Zergling x2  
  71  4:48  Zergling x6  
  71  4:52  Overlord  
  74  4:54  Overlord  
  74  4:57  Overlord  
  74  4:58  Overlord  
  74  5:03  Baneling x3  
  74  5:04  Overlord  
  74  5:07  Overlord  
  74  5:09  Queen  
  74  5:12  Drone  
  74  5:13  Drone x3  
  74  5:14  Zergling x6  
  81  5:20  Spore Crawler  
  82  5:21  Baneling x3  
  82  5:23  Zergling x4  
  82  5:27  Zergling x2  
  82  5:28  Zergling x6  
  80  5:33  Zergling x2  
  80  5:34  Zergling x2  
  80  5:35  Zergling x6  
  81  5:39  Queen  
  74  5:44  Zergling x6  
  74  5:47  Lair  
  74  5:49  Zergling x6  
  74  5:53  Drone  
  74  5:54  Drone  
  74  5:55  Queen  
  71  5:57  Baneling x2  
  71  5:58  Baneling  
  67  6:04  Drone  
  67  6:05  Drone  
  67  6:06  Drone  
  67  6:07  Drone  
  71  6:14  Drone  
  71  6:15  Queen  
  72  6:22  Drone x2  
  70  6:26  Baneling x3, Drone x2  
  70  6:28  Drone  
  72  6:33  Extractor, Evolution Chamber  
  72  6:34  Evolution Chamber, Drone  
  72  6:37  Queen  
  72  6:38  Drone  
  72  6:39  Drone  
  72  6:45  Overlord  
  72  6:47  Queen, Overseer  
  72  6:49  Drone x2  
  72  6:51  Drone x3  
  79  6:57  Drone  
  79  7:00  Extractor  
  79  7:01  Extractor, Zerg Ground Armor Level 1, Zerg Melee Weapons Level 1  
  79  7:03  Drone x2  
  80  7:09  Overlord  
  80  7:10  Drone x4  
  80  7:12  Overlord  
  84  7:17  Centrifical Hooks  
  84  7:23  Zergling x4  
  84  7:24  Zergling x2  
  87  7:31  Drone x2  
  87  7:33  Hatchery, Overseer  
  87  7:35  Hydralisk Den, Zergling x2  
  87  7:36  Zergling x4  
  90  7:39  Zergling x2  
  90  7:41  Baneling x4  
  90  7:43  Zergling x2  
  92  7:44  Overlord  
  92  7:45  Zergling x2  
  92  7:46  Zergling x2  
  92  7:49  Zergling x2  
  94  7:53  Zergling x2  
  94  7:54  Drone  
  94  7:55  Drone, Zergling x2  
  98  8:04  Zergling x6  
  101  8:07  Extractor  
  101  8:10  Hydralisk x4  
  108  8:17  Queen  
  105  8:23  Hydralisk x3  
  105  8:24  Baneling x4  
  105  8:25  Zergling x4  
  105  8:26  Muscular Augments  
  113  8:27  Zergling x8  
  113  8:29  Drone  
  113  8:30  Drone  
  119  8:35  Overlord, Baneling x3  
  119  8:36  Hydralisk  
  119  8:37  Zergling x2  
  119  8:38  Zergling x2  
  119  8:40  Hydralisk  
  125  8:41  Zergling x2  
  124  8:49  Zergling x2  
  124  8:50  Zergling x6  
  124  8:52  Overseer  
  124  8:53  Infestation Pit  
  124  8:55  Overlord  
  126  8:58  Queen  
  126  8:59  Drone x3  
  126  9:01  Overlord, Drone x2  
  126  9:02  Hydralisk  
  135  9:08  Hydralisk x3  
  139  9:17  Zerg Ground Armor Level 2  
  139  9:23  Zergling x12  
  142  9:31  Hive  
  141  9:32  Drone, Zergling x12  
  141  9:33  Zergling x2  
  141  9:34  Zergling x2  
  141  9:35  Zergling x2  
  141  9:36  Overlord, Zergling x2  
  141  9:37  Zergling x2  
  151  9:41  Overlord  
  151  9:43  Overlord  
  151  9:44  Overlord  
  151  9:48  Overlord  
  151  9:53  Zerg Melee Weapons Level 2  
  151  9:58  Overlord  
  151  9:59  Hatchery  
  149  10:03  Hydralisk x3  
  152  10:07  Baneling  
  152  10:08  Baneling x5  
  152  10:09  Baneling  
  152  10:10  Baneling x6  
  152  10:13  Zergling x14  
  160  10:17  Zergling x8  
  160  10:18  Zergling x2  
  160  10:20  Zergling x2  
  162  10:22  Zergling x4  
  162  10:24  Zergling x6  
  153  10:36  Zergling x2  
  153  10:37  Zergling x10  
  153  10:39  Zergling x4  
  153  10:40  Zergling x2  
  138  10:43  Zergling x6  
  138  10:47  Zergling x4  
  133  10:58  Queen  
  133  10:59  Ultralisk Cavern  
  133  11:01  Queen  
  133  11:04  Zergling x10  
  132  11:11  Viper  
  135  11:20  Hydralisk  
  135  11:21  Hydralisk, Zergling x2  
  135  11:22  Zergling x14  
  135  11:23  Adrenal Glands  
  147  11:31  Baneling x5  
  145  11:35  Hatchery  
  145  11:39  Overlord  
  143  11:45  Chitinous Plating  
  143  11:50  Ultralisk x2, Zergling x18  
  164  11:57  Zergling x2  
  164  11:58  Zergling x4  
  164  11:59  Zergling x2  
  164  12:00  Zergling x2  
  148  12:09  Baneling x5  
  148  12:10  Zergling x6  
  148  12:11  Zergling x2  
  143  12:18  Zergling x2  
  143  12:21  Baneling x3  
  143  12:22  Zergling x2  
  137  12:23  Zergling x8  
  137  12:28  Zergling x6  
  144  12:34  Zergling x4  
  138  12:47  Zergling x6  
  141  12:57  Drone  
  141  12:58  Drone x5  
  135  12:59  Hatchery  
  135  13:01  Baneling  
  135  13:02  Baneling x5  
  134  13:08  Zergling x6  
  134  13:11  Zergling x4  
  137  13:13  Zergling x2  
  137  13:15  Zergling x2  
  137  13:16  Zergling x2  
  140  13:21  Zergling x2  
  140  13:24  Zergling x6  
  141  13:30  Zerg Ground Armor Level 3  
  141  13:34  Baneling x6  
  140  13:40  Drone  
  141  13:46  Ultralisk  
  145  13:53  Drone x2  
  145  13:55  Zergling x10  
  151  14:01  Hatchery  
  148  14:04  Baneling x8  
  148  14:05  Baneling, Overseer  
  148  14:07  Drone x2  
  148  14:08  Drone x2  
  148  14:09  Drone  
  153  14:16  Hydralisk x2  
  154  14:19  Baneling  
  154  14:20  Baneling x8  
  154  14:21  Zergling x2  
  155  14:31  Zergling x6  
  155  14:32  Zergling x10  
  155  14:35  Zergling x6  
  165  14:43  Zergling x10  
  162  14:47  Baneling  
  162  14:48  Baneling x4  
  162  14:54  Ultralisk  
  158  15:07  Zergling x6  
  139  15:15  Zergling x2  
  139  15:16  Zergling x2  
  139  15:17  Zergling x4  
  139  15:20  Zergling x16  
  135  15:24  Zergling x6  
  136  15:29  Zergling x4  
  136  15:32  Baneling x9  
  138  15:37  Zergling x8  
  138  15:40  Hydralisk  
  144  15:44  Hydralisk  
  144  15:46  Hydralisk x2  
  144  15:49  Hydralisk  
  151  15:57  Ultralisk  
  151  15:59  Baneling x4  
  151  16:00  Baneling x2  
  151  16:03  Zergling x2  
  151  16:04  Zergling x2  
  158  16:07  Spore Crawler  
  158  16:08  Zergling x2  
  158  16:09  Zergling x4  
  160  16:13  Baneling x6  
  160  16:14  Zergling x2  
  160  16:18  Zergling x6  
  161  16:21  Zergling x2  
  161  16:22  Zergling x6  
  162  16:25  Zergling x2  
  162  16:26  Zergling x4  
  162  16:29  Zergling x2  
  162  16:31  Extractor  
  162  16:32  Extractor, Zergling x4  
  166  16:35  Hydralisk  
  167  16:41  Zergling x8  
  167  16:44  Zergling x2  
  167  16:45  Zergling x2  
  169  16:48  Zergling x4  
  169  16:49  Zergling x2  
  162  16:57  Zergling x10  
  159  17:02  Baneling x2  
  159  17:07  Zergling x8  
  162  17:12  Zergling x6  
  161  17:21  Zergling x10  
  115  17:23  Zergling x4  
  115  17:27  Zergling x4  
  94  17:30  Zergling x2  
Show
View Real Time Build Order
Export as new Build Order

JJAKJI Terran - Winner!

Build Orders: Gas First Reaper Expand, Reaper Expand, Hellion Banshee, MMM Bio 

Get SALT Encoding   

  12  0:01  SCV  
  13  0:13  SCV  
  14  0:18  Supply Depot  
  14  0:25  SCV  
  15  0:29  Refinery  
  15  0:39  SCV  
  16  0:45  Barracks  
  16  0:51  SCV  
  17  1:03  SCV  
  18  1:15  SCV  
  19  1:32  Reaper, Orbital Command  
  20  1:43  Command Center  
  20  1:58  Factory, SCV  
  21  2:08  Barracks Reactor  
  21  2:11  Supply Depot  
  21  2:12  SCV  
  22  2:15  Refinery  
  22  2:24  SCV  
  23  2:36  SCV  
  24  2:45  Starport, Marine x2  
  24  2:49  Widow Mine, SCV  
  29  2:55  Orbital Command  
  29  3:01  SCV  
  29  3:03  Marine x2  
  32  3:13  SCV  
  32  3:19  Factory Tech Lab  
  33  3:21  Medivac, SCV  
  33  3:22  Marine x2  
  33  3:24  Supply Depot  
  33  3:26  SCV  
  39  3:36  SCV  
  39  3:38  SCV  
  41  3:49  SCV  
  41  3:50  SCV  
  41  3:52  Barracks Tech Lab  
  41  3:55  Hellion x2  
  46  4:00  Supply Depot  
  46  4:01  SCV  
  46  4:02  SCV  
  48  4:05  Cloaking Field  
  48  4:06  Banshee  
  51  4:13  SCV  
  51  4:14  SCV  
  53  4:19  Armory  
  53  4:20  Supply Depot  
  53  4:22  Hellion x2  
  57  4:32  SCV x2  
  57  4:36  Marine  
  57  4:37  Stimpack  
  60  4:44  Hellion x2  
  64  4:48  Supply Depot  
  64  4:55  Banshee  
  64  4:56  Marine  
  64  4:58  SCV x2  
  70  5:10  Hellion x2  
  70  5:12  Command Center  
  70  5:13  SCV x2  
  74  5:31  SCV x2  
  74  5:32  Hellion  
  74  5:34  Supply Depot, Barracks  
  78  5:36  Barracks, Engineering Bay  
  77  5:43  SCV  
  77  5:47  SCV  
  77  5:50  Command Center  
  76  5:59  Marine  
  76  6:02  Barracks  
  66  6:04  Barracks  
  66  6:05  SCV, Engineering Bay  
  66  6:06  Barracks, Factory Reactor  
  58  6:17  SCV x2, Starport Reactor  
  54  6:21  Marine  
  54  6:23  Barracks Reactor  
  54  6:24  Barracks Reactor, Terran Infantry Weapons Level 1  
  53  6:29  Refinery x2  
  53  6:33  Terran Infantry Armor Level 1  
  53  6:36  SCV x2  
  53  6:39  Marine  
  56  6:42  Combat Shields  
  56  6:48  SCV  
  57  6:54  Marine x2  
  57  6:56  Barracks Reactor, Marine  
  57  6:57  Medivac  
  57  6:59  Medivac  
  64  7:01  Marine x2  
  64  7:02  Marine x3  
  64  7:04  SCV  
  64  7:05  SCV  
  71  7:12  Marine  
  71  7:14  Marine x3  
  75  7:15  Siege Tank  
  75  7:18  SCV  
  75  7:19  Marine x3  
  75  7:20  SCV  
  75  7:22  Orbital Command  
  83  7:32  Marine x4  
  83  7:33  Supply Depot x2  
  83  7:35  Marine x4  
  91  7:37  Marine x2  
  91  7:38  Marine  
  96  7:44  SCV x2  
  96  7:48  Siege Tank  
  96  7:50  Marine  
  100  7:54  Medivac x2, Marine x5  
  100  7:55  Supply Depot, Marine  
  100  7:56  SCV  
  100  7:57  Supply Depot, Marine  
  112  7:59  Marine  
  112  8:04  SCV x2  
  115  8:08  SCV  
  115  8:09  Supply Depot  
  115  8:10  Supply Depot  
  116  8:20  Siege Tank  
  116  8:22  Marine x5  
  116  8:23  Refinery x2, Marine x2  
  128  8:27  Terran Infantry Weapons Level 2, Terran Infantry Armor Level 2  
  128  8:28  SCV x3  
  128  8:33  Supply Depot x2, Marine x2  
  129  8:37  Marine  
  129  8:38  Bunker, Marine  
  129  8:39  Marine  
  132  8:43  Marine  
  132  8:49  Marine x5  
  132  8:50  Marine  
  132  8:51  Marine  
  132  8:55  Marine x2, Siege Tank  
  142  8:59  Terran Vehicle And Ship Armor Level 1  
  142  9:00  SCV  
  145  9:04  Supply Depot  
  143  9:10  Supply Depot  
  143  9:13  Marine x2  
  143  9:14  Marine x7  
  152  9:17  Medivac  
  152  9:18  Medivac  
  156  9:27  Marine, Siege Tank  
  156  9:28  Marine  
  161  9:31  Marine x3  
  161  9:32  Liberator  
  161  9:36  Marine x3  
  161  9:37  Sensor Tower  
  161  9:38  Marine  
  165  9:44  Marine x2  
  168  9:45  Marine  
  168  9:46  Marine  
  168  9:47  Medivac  
  168  9:49  Marine x3  
  178  9:57  Supply Depot  
  178  9:58  Supply Depot  
  178  10:05  Siege Tank  
  181  10:15  Command Center, Barracks  
  181  10:16  Barracks  
  181  10:17  Barracks  
  181  10:19  Marauder  
  173  10:36  Liberator  
  173  10:40  Marauder  
  145  10:45  Marine x6  
  145  10:46  Marine x4  
  145  10:49  Siege Tank  
  152  10:53  Medivac  
  154  11:02  Marauder  
  154  11:03  Marine  
  150  11:16  Barracks Tech Lab  
  150  11:17  Barracks Tech Lab  
  150  11:18  Terran Infantry Weapons Level 3, Terran Infantry Armor Level 3, Barracks Tech Lab  
  150  11:23  Marauder  
  152  11:28  Marine x4  
  152  11:29  Marine x3  
  152  11:31  Marine x2  
  161  11:38  Medivac x2  
  165  11:41  Marauder  
  165  11:43  Marauder, Marine  
  165  11:44  Widow Mine x2, Marauder  
  165  11:46  Marine x5  
  181  11:55  Starport  
  181  12:01  Starport, Fusion Core  
  161  12:09  Marauder  
  161  12:14  Medivac x2  
  165  12:20  Marine x5  
  166  12:24  Marauder  
  166  12:30  Liberator x2  
  166  12:34  Marine  
  149  12:44  Marauder  
  149  12:45  Marauder x3  
  160  12:54  Marauder  
  152  13:06  Marauder, Widow Mine x2  
  152  13:08  Terran Vehicle And Ship Armor Level 2  
  152  13:10  Starport Reactor  
  152  13:11  Starport Tech Lab  
  148  13:13  Liberator x2  
  148  13:17  Liberator  
  148  13:24  Planetary Fortress  
  148  13:26  SCV x3  
  144  13:31  Liberator x2  
  150  13:34  Advanced Ballistics  
  151  13:53  Marauder x5  
  151  13:54  Marine x8  
  175  13:55  Widow Mine  
  175  13:56  Widow Mine, Liberator  
  177  14:03  Refinery  
  177  14:04  Refinery  
  177  14:05  Command Center, Liberator  
  177  14:07  Missile Turret  
  177  14:08  Liberator  
  177  14:13  Marine x3  
  177  14:14  Marauder x2, Marine x4  
  177  14:15  Marauder x2  
  195  14:29  Widow Mine  
  200  14:35  Liberator x2  
  200  14:45  Liberator  
  195  14:48  Liberator  
  195  14:51  Liberator  
  188  15:06  Marauder x3  
  172  15:20  Marauder x2  
  148  15:22  Marine x3  
  148  15:23  Marine x5  
  148  15:24  Liberator x2  
  148  15:27  Liberator, Marine x2  
  148  15:28  Marauder  
  158  15:31  Liberator  
  158  15:42  Marauder x2  
  165  15:45  Marauder x2  
  165  15:48  Unknown x2  
  165  15:49  Marauder  
  174  15:56  Widow Mine, Marine x8  
  181  16:02  Unknown  
  181  16:03  Marauder x2  
  181  16:04  Widow Mine  
  187  16:06  Marauder x2  
  187  16:10  Marauder  
  195  16:11  Medivac  
  195  16:13  Marine  
  198  16:24  Marauder  
  198  16:25  Marauder  
  199  16:28  Missile Turret  
  198  16:33  Liberator  
  197  16:48  Liberator x2  
  197  16:49  Medivac  
  185  17:04  Planetary Fortress  
  185  17:05  Missile Turret  
  183  17:18  Missile Turret  
  183  17:19  Missile Turret  
  183  17:21  Marauder x3, Missile Turret  
  183  17:22  Marauder x2  
  133  17:30  Marine x2  
  133  17:32  Marine x4  
  133  17:33  Marine x2  
  143  17:45  Unknown  
  143  17:46  Unknown x7  
Tags
 
Add a new tag
Caveats
  • Supply blocks, unpowered buildings, or Contaminate may cause inaccurate times.
  • Supply counts are checked every 10 seconds.